[Event "Titled Tuesday Blitz June 8 2021"]
[White "Jones, Gawain C B"]
[Black "Mezentsev, Ivan"]
[WhiteFideId "409561"]
[BlackFideId "13706195"]
[WhiteElo "2657"]
[BlackElo "2295"]
[Result "1-0"]
[Round "02"]
[TimeControl "180+1"]
[Date "2021.06.08"]
[WhiteClock "0:00:13"]
[BlackClock "0:00:05"]

1. Nf3 Nf6 2. g3 g6 3. b3 Bg7 4. Bb2 d6 5. Bg2 O-O 6. O-O Nc6 7. d4 Bf5 8. c4 Qd7 9. d5 Nb4 10. Nc3 Bh3 11. a3 Na6 12. b4 Bxg2 13. Kxg2 c6 14. dxc6 bxc6 15. Qa4 Qb7 16. Kg1 c5 17. Rab1 cxb4 18. axb4 Nxb4 19. Ba3 a5 20. Bxb4 axb4 21. Qxb4 Qxb4 22. Rxb4 Rfc8 23. Rd1 Rc7 24. Nd5 Nxd5 25. cxd5 Bf6 26. g4 g5 27. Kg2 Ra2 28. Re4 Rcc2 29. Kf1 Kg7 30. Ne1 Rc5 31. Ng2 Be5 32. h4 h6 33. Ne3 e6 34. h5 Kf6 35. Rb4 Bf4 36. dxe6 fxe6 37. Ng2 Be5 38. Ne1 Bc3 39. Rb7 Bxe1 40. Rxe1 Ke5 41. Rh7 Kf4 42. Rxh6 Kxg4 43. Rxe6 Kxh5 44. Rxd6 Rcc2 45. Re6 Kg4 46. Rb1 Ra4 47. Rb5 Ra1+ 48. Kg2 Rcc1 49. f3+ Kh5 50. Ree5 Rg1+ 51. Kf2 Raf1+ 52. Ke3 Kh4 53. Rb8 1-0


[Site "https://www.chess.com"]

[Event "Titled Tuesday Blitz June 8 2021"]
[White "Kamsky, Gata"]
[Black "Vlachos, Anatole"]
[WhiteFideId "2000024"]
[BlackFideId "26093189"]
[WhiteElo "2644"]
[BlackElo "2350"]
[Result "1-0"]
[Round "02"]
[TimeControl "180+1"]
[Date "2021.06.08"]
[WhiteClock "0:00:50"]
[BlackClock "0:00:06"]

1. d4 f6 2. e4 d5 3. Qh5+ g6 4. Qxd5 Qxd5 5. exd5 Bf5 6. c4 b5 7. cxb5 Bxb1 8. Rxb1 Nd7 9. Ne2 Nb6 10. Nc3 Bh6 11. Be3 Bxe3 12. fxe3 f5 13. g4 fxg4 14. h3 gxh3 15. Bxh3 Nf6 16. Be6 Rd8 17. e4 Nh5 18. Rf1 Ng7 19. Bf7+ Kd7 20. a4 Kc8 21. a5 Nc4 22. b4 Nd6 23. Ke2 Nh5 24. Be6+ Kb8 25. e5 Ng3+ 26. Kd3 Nxf1 27. exd6 Ng3 28. d7 Rhf8 29. Kc4 Rf3 30. Re1 Rf1 31. Re3 Nh5 32. Ne4 Rc1+ 33. Kb3 Nf4 34. Nc5 h5 35. Nd3 Nxd3 36. Rxd3 h4 37. Rf3 Rh1 38. Rf7 h3 39. Rxe7 h2 40. Re8 Rb1+ 41. Ka2 h1=Q 42. Rxd8+ Kb7 43. Rb8+ Kxb8 44. d8=Q+ Kb7 45. Qc8# 1-0


[Site "https://www.chess.com"]

[Event "Titled Tuesday Blitz June 8 2021"]
[White "Kollars, Dmitrij"]
[Black "Piesik, Piotr"]
[WhiteFideId "12909572"]
[BlackFideId "1136194"]
[WhiteElo "2576"]
[BlackElo "2369"]
[Result "1-0"]
[Round "02"]
[TimeControl "180+1"]
[Date "2021.06.08"]
[WhiteClock "0:02:37"]
[BlackClock "0:02:34"]

1. c4 g6 2. Nc3 Bg7 3. g3 Nc6 4. Bg2 d6 5. e4 e5 6. Nge2 f5 7. d3 Nf6 8. O-O O-O 9. h3 Be6 10. exf5 gxf5 11. f4 Qd7 12. Nd5 Bxd5 13. cxd5 Ne7 14. Qb3 Rab8 15. fxe5 1-0


[Site "https://www.chess.com"]

[Event "Titled Tuesday Blitz June 8 2021"]
[White "Kopjonkin, Kirill"]
[Black "Oparin, Grigoriy"]
[WhiteFideId "24140090"]
[BlackFideId "24125890"]
[WhiteElo "2312"]
[BlackElo "2628"]
[Result "0-1"]
[Round "02"]
[TimeControl "180+1"]
[Date "2021.06.08"]
[WhiteClock "0:00:01"]
[BlackClock "0:01:46"]

1. e4 c6 2. d4 d5 3. Nc3 dxe4 4. Nxe4 Nf6 5. Nxf6+ exf6 6. c3 Bd6 7. Bd3 O-O 8. Qc2 Re8+ 9. Ne2 h5 10. O-O h4 11. h3 Nd7 12. Bd2 Nf8 13. Rae1 Be6 14. c4 Rc8 15. f4 Bb8 16. Kh1 Bd7 17. Ng1 Ne6 18. Qc3 c5 19. d5 Nd4 20. Nf3 Rxe1 21. Bxe1 Bxf4 22. Nxd4 Be5 23. Bf2 b5 24. b3 Qb6 25. cxb5 cxd4 26. Qb4 a5 27. Qa4 Rc3 28. Bc4 Rc2 29. Bxh4 Bxh3 30. Rf2 d3 31. Rxc2 dxc2 32. Qa3 Qe3 33. Bf1 0-1


[Site "https://www.chess.com"]

[Event "Titled Tuesday Blitz June 8 2021"]
[White "Korobov, Anton"]
[Black "deribas12345"]
[WhiteFideId "14105730"]
[WhiteElo "2668"]
[BlackElo "2584"]
[Result "1-0"]
[Round "02"]
[TimeControl "180+1"]
[Date "2021.06.08"]
[WhiteClock "0:00:22"]
[BlackClock "0:00:02"]

1. d4 Nf6 2. c4 c5 3. d5 b5 4. cxb5 a6 5. bxa6 Bxa6 6. Nc3 d6 7. Nf3 g6 8. e4 Bxf1 9. Kxf1 Qc8 10. h3 Qa6+ 11. Kg1 Bg7 12. g3 O-O 13. Kg2 Nbd7 14. Re1 Rfb8 15. a4 Rb4 16. Ra3 Ne8 17. Qc2 Nb6 18. b3 c4 19. Bg5 Rc8 20. e5 cxb3 21. Rxb3 Rxb3 22. Qxb3 dxe5 23. Bxe7 Nc4 24. Nb5 Na5 25. Qa2 Qb7 26. Bb4 Nc4 27. Rd1 e4 28. Ng5 e3 29. Nf3 Nf6 30. Rc1 Qxd5 31. Na3 1-0


[Site "https://www.chess.com"]

[Event "Titled Tuesday Blitz June 8 2021"]
[White "Lazavik, Denis"]
[Black "Khademalsharieh, Sarasadat"]
[WhiteFideId "13515110"]
[BlackFideId "12512214"]
[WhiteElo "2436"]
[BlackElo "2431"]
[Result "1-0"]
[Round "02"]
[TimeControl "180+1"]
[Date "2021.06.08"]
[WhiteClock "0:00:24"]
[BlackClock "0:00:33"]

1. d4 Nf6 2. c4 e6 3. Nf3 d5 4. Nc3 a6 5. cxd5 exd5 6. Bg5 Be6 7. e3 Nbd7 8. Bd3 h6 9. Bh4 Bd6 10. Qc2 Qb8 11. Bg3 c6 12. O-O Bxg3 13. hxg3 O-O 14. Na4 Qd6 15. b4 Ne4 16. Nc5 Nexc5 17. bxc5 Qc7 18. Rab1 Rae8 19. Rb3 Ra8 20. Rfb1 Ra7 21. Qb2 Rb8 22. Ne1 Nf6 23. Rb6 Nd7 24. Rb3 Nf6 25. Nc2 Bc8 26. Nb4 Rba8 27. a3 Qe7 28. Na2 Ng4 29. Qe2 Qg5 30. f3 Qxe3+ 31. Qxe3 Nxe3 32. Re1 Nc4 33. Re8# 1-0


[Site "https://www.chess.com"]

[Event "Titled Tuesday Blitz June 8 2021"]
[White "Maiorov, Nikita"]
[Black "Abdusattorov, Nodirbek"]
[WhiteFideId "13501720"]
[BlackFideId "14204118"]
[WhiteElo "2440"]
[BlackElo "2662"]
[Result "0-1"]
[Round "02"]
[TimeControl "180+1"]
[Date "2021.06.08"]
[WhiteClock "0:00:53"]
[BlackClock "0:00:40"]

1. d4 Nf6 2. c4 c5 3. d5 b5 4. cxb5 g6 5. Nc3 Bg7 6. e4 d6 7. Be2 O-O 8. Nf3 a6 9. bxa6 Bxa6 10. Bxa6 Nxa6 11. O-O Qb6 12. Nd2 Nd7 13. Nc4 Qb4 14. Qe2 Ne5 15. Ne3 Rfb8 16. a4 c4 17. Nc2 Qb7 18. Nd4 Nb4 19. Be3 Ned3 20. Ndb5 Rc8 21. f4 f5 22. exf5 gxf5 23. Bd4 Bxd4+ 24. Nxd4 Qb6 25. Qe6+ Kh8 26. Nb5 Nc2 27. Qxe7 Rf8 28. a5 Qc5 29. Qxd6 Qxd6 30. Nxd6 Nxd4 31. Nxc4 Rac8 32. Nb6 Rc2 33. Rfd1 Nxf4 34. Kf1 Nxg2 35. Rxd4 Ne3+ 36. Ke1 Rg8 0-1


[Site "https://www.chess.com"]

[Event "Titled Tuesday Blitz June 8 2021"]
[White "Maksimenko, Viktor"]
[Black "Vignesh, N R"]
[WhiteFideId "13710478"]
[BlackFideId "25012215"]
[WhiteElo "2269"]
[BlackElo "2401"]
[Result "0-1"]
[Round "02"]
[TimeControl "180+1"]
[Date "2021.06.08"]
[WhiteClock "0:00:13"]
[BlackClock "0:01:27"]

1. d4 d5 2. c4 c6 3. Nf3 Nf6 4. Qb3 e6 5. Nbd2 Nbd7 6. g3 Be7 7. Bg2 O-O 8. O-O b6 9. Qc2 Bb7 10. b3 Rc8 11. Bb2 c5 12. a4 dxc4 13. Nxc4 cxd4 14. Nxd4 Bxg2 15. Kxg2 Nc5 16. Rfd1 Qd5+ 17. f3 Nxb3 18. Qxb3 Qxc4 19. Qxc4 Rxc4 20. Nb5 Rc2 21. Bxf6 Bxf6 22. Ra3 Rxe2+ 23. Kh3 a5 24. Nd6 h5 25. Nc4 Rc8 26. Nxb6 Rcc2 27. Rh1 Bd4 28. g4 hxg4+ 29. fxg4 Bxb6 0-1


[Site "https://www.chess.com"]

[Event "Titled Tuesday Blitz June 8 2021"]
[White "Morefield, Jason"]
[Black "Andreikin, Dmitry"]
[WhiteFideId "30920825"]
[BlackFideId "4158814"]
[WhiteElo "2171"]
[BlackElo "2782"]
[Result "0-1"]
[Round "02"]
[TimeControl "180+1"]
[Date "2021.06.08"]
[WhiteClock "0:00:21"]
[BlackClock "0:00:44"]

1. d4 e6 2. c4 Nf6 3. Nf3 b6 4. g3 Bb7 5. Bg2 Bb4+ 6. Bd2 a5 7. O-O O-O 8. a3 Bxd2 9. Qxd2 d6 10. Nc3 Ne4 11. Nxe4 Bxe4 12. Qe3 Bb7 13. Rfd1 a4 14. Rac1 Nd7 15. c5 bxc5 16. dxc5 Bxf3 17. Bxf3 d5 18. c6 Nf6 19. Qc5 Qb8 20. Rd2 Ra6 21. Rcc2 h6 22. Rd4 Qa8 23. Rb4 Rb8 24. e3 Rbb6 25. Rxb6 Rxb6 26. Kg2 Ne8 27. e4 dxe4 28. Bxe4 Nd6 29. Bf3 Rb3 30. Rd2 Qb8 31. Qd4 Qb5 32. Rc2 Rxf3 33. Qxd6 cxd6 34. c7 Rxf2+ 0-1


[Site "https://www.chess.com"]

[Event "Titled Tuesday Blitz June 8 2021"]
[White "Nakamura, Hikaru"]
[Black "Solon, Nathan"]
[WhiteFideId "2016192"]
[BlackFideId "2017229"]
[WhiteElo "2900"]
[BlackElo "2619"]
[Result "1-0"]
[Round "02"]
[TimeControl "180+1"]
[Date "2021.06.08"]
[WhiteClock "0:02:33"]
[BlackClock "0:01:28"]

1. Nf3 d5 2. e3 Nf6 3. c4 e6 4. Nc3 Be7 5. d4 O-O 6. cxd5 exd5 7. Bd3 c6 8. h3 Nbd7 9. O-O Re8 10. Ne5 Bd6 11. f4 a6 12. g4 Nf8 13. Qf3 N6d7 14. Bc2 f6 15. Nd3 Nb6 16. b3 Be6 17. Bd2 Bf7 18. Rae1 c5 19. dxc5 1-0


[Site "https://www.chess.com"]

[Event "Titled Tuesday Blitz June 8 2021"]
[White "Narayanan.S.L"]
[Black "Fayzullaev, Akmal"]
[WhiteFideId "5058422"]
[BlackFideId "14200554"]
[WhiteElo "2617"]
[BlackElo "2264"]
[Result "1-0"]
[Round "02"]
[TimeControl "180+1"]
[Date "2021.06.08"]
[WhiteClock "0:00:53"]
[BlackClock "0:00:40"]

1. e4 c6 2. f4 d5 3. e5 Bf5 4. d4 e6 5. Bd3 Bxd3 6. Qxd3 c5 7. c3 Nc6 8. Ne2 cxd4 9. cxd4 Nh6 10. Nbc3 Be7 11. Be3 O-O 12. O-O f6 13. h3 f5 14. Kh1 Rc8 15. Rg1 Qe8 16. Raf1 a6 17. Qd1 Na5 18. b3 b5 19. Qd2 Nc6 20. Rc1 Bb4 21. Rc2 Qh5 22. Rgc1 Ne7 23. Qd3 Ba3 24. Rf1 Nc6 25. Rd2 Rf7 26. Qb1 Rfc7 27. Rdd1 b4 28. Nxd5 exd5 29. Qd3 Nb8 30. Bc1 Bxc1 31. Rxc1 Rxc1 32. Rxc1 Rxc1+ 33. Nxc1 Qh4 34. Qc2 Nd7 35. Nd3 Qg3 36. e6 Nf8 37. e7 Qe3 38. Ne5 Qe1+ 39. Kh2 Ng4+ 40. Nxg4 fxg4 41. exf8=Q+ Kxf8 42. Qf5+ Kg8 43. Qxg4 Qe4 44. Qc8+ Kf7 45. Qc7+ Kg6 46. Qe5 Qc2 47. Qe6+ Kh5 48. Qg4+ Kh6 49. Qg5# 1-0


[Site "https://www.chess.com"]

[Event "Titled Tuesday Blitz June 8 2021"]
[White "Nitish Belurkar"]
[Black "Yoo, Christopher Woojin"]
[WhiteFideId "5084768"]
[BlackFideId "30909694"]
[WhiteElo "2306"]
[BlackElo "2009"]
[Result "1-0"]
[Round "02"]
[TimeControl "180+1"]
[Date "2021.06.08"]
[WhiteClock "0:00:15"]
[BlackClock "0:00:07"]

1. d4 Nf6 2. Nf3 d5 3. e3 Bf5 4. c4 e6 5. Nc3 c6 6. Bd3 Bg6 7. O-O Nbd7 8. Qe2 Ne4 9. Nd2 Nxc3 10. bxc3 Bd6 11. cxd5 exd5 12. e4 dxe4 13. Nxe4 Bxe4 14. Qxe4+ Qe7 15. Qf3 O-O 16. Bd2 g6 17. Rfe1 Qh4 18. g3 Qf6 19. Qg4 Qd8 20. Bg5 Qc7 21. h4 h5 22. Qf3 Rfe8 23. Bc4 Nf8 24. Bh6 Qd7 25. Qf6 Ne6 26. Bxe6 fxe6 27. Qxg6+ Kh8 28. Bg5 Be7 29. Qxh5+ Kg8 30. Qg6+ Kh8 31. Rxe6 Bxg5 32. Rxe8+ Rxe8 33. Qh5+ Kg8 34. Qxg5+ Kh7 35. Qh5+ Kg7 36. Qg5+ Kh7 37. Qd2 Qe6 38. Rb1 b5 39. Qd3+ Kg7 40. h5 Kh6 41. Qg6+ Qxg6 42. hxg6 Kxg6 43. Kf1 Rh8 44. Re1 Kf5 45. Re5+ Kf6 46. Rc5 Ke6 47. Rxc6+ Kd5 48. Rc5+ Ke4 49. Rxb5 Rh1+ 50. Kg2 Rc1 51. Ra5 Rxc3 52. Rxa7 Kxd4 53. a4 Ra3 54. a5 Kd5 55. Rh7 Ke6 56. Rh5 Kf6 57. g4 Kg6 58. f3 Ra2+ 59. Kg3 Ra1 60. Rb5 Ra4 61. f4 Ra3+ 62. Kh4 Ra1 63. Rb6+ Kf7 64. a6 Ra5 65. f5 Ra1 66. Kg5 Ra5 67. Rb7+ 1-0


[Site "https://www.chess.com"]

[Event "Titled Tuesday Blitz June 8 2021"]
[White "Ozkan, Ervin"]
[Black "Perez Ponsa, Federico"]
[WhiteFideId "6306004"]
[BlackFideId "117927"]
[WhiteElo "2226"]
[BlackElo "2672"]
[Result "0-1"]
[Round "02"]
[TimeControl "180+1"]
[Date "2021.06.08"]
[WhiteClock "0:00:02"]
[BlackClock "0:00:21"]

1. e4 c5 2. Nf3 d6 3. Bb5+ Nd7 4. d4 cxd4 5. Qxd4 a6 6. Bxd7+ Bxd7 7. O-O Rc8 8. c4 Nf6 9. Bg5 e6 10. Nc3 Qc7 11. Bxf6 gxf6 12. Qxf6 Rg8 13. Nd5 exd5 14. exd5 Be7 15. Rfe1 Bh3 16. Ng5 Be6 17. Rxe6 Rxg5 18. Qxg5 fxe6 19. Qg8+ Bf8 20. Qxe6+ Kd8 21. b3 Qd7 22. Qf6+ Kc7 23. Re1 Re8 24. Re6 Rxe6 25. dxe6 Qg7 26. e7 Qxe7 27. Qa1 Bg7 28. Qd1 Qe4 29. g3 Bd4 30. Qd2 Bc5 31. h4 Qf3 32. Kf1 h5 33. Ke1 a5 34. Kf1 b6 35. Qc2 Qf7 36. Qe2 Qf5 37. Kg2 d5 38. cxd5 Qxd5+ 39. Qf3 Kd6 40. Qxd5+ Kxd5 41. f3 Ke5 42. g4 hxg4 43. fxg4 Kf4 44. g5 Kg4 45. g6 Bf8 46. Kf2 Kxh4 47. Kf3 Kg5 0-1


[Site "https://www.chess.com"]

[Event "Titled Tuesday Blitz June 8 2021"]
[White "Pultinevicius, Paulius"]
[Black "Nguyen, Quoc Hy"]
[WhiteFideId "12809390"]
[BlackFideId "12410853"]
[WhiteElo "2452"]
[BlackElo "1975"]
[Result "1-0"]
[Round "02"]
[TimeControl "180+1"]
[Date "2021.06.08"]
[WhiteClock "0:00:09"]
[BlackClock "0:00:16"]

1. d4 d5 2. c4 c6 3. Nf3 e6 4. Qc2 Nf6 5. Nbd2 Be7 6. g3 O-O 7. Bg2 b6 8. O-O Bb7 9. e4 Nbd7 10. e5 Ne8 11. cxd5 cxd5 12. Qd3 Nc7 13. Rd1 Ba6 14. Qe3 Rc8 15. h4 Nb8 16. Nf1 Nc6 17. Bd2 Nb4 18. Bxb4 Bxb4 19. g4 f6 20. Ng3 fxe5 21. Qxe5 Bd6 22. Qe3 Bf4 23. Qe1 Qd6 24. Nh5 Rf7 25. Nxf4 Rxf4 26. Ne5 Rcf8 27. Rd2 Nb5 28. Qe3 Qe7 29. h5 Nd6 30. Rc1 Nc4 31. Nxc4 Bxc4 32. f3 Bxa2 33. b3 Qa3 34. Ra1 Qxb3 35. Qxe6+ Kh8 36. Raxa2 a5 37. Rab2 Qc3 38. Qxb6 a4 39. Qb4 Qe3+ 40. Rf2 a3 41. Ra2 Ra8 42. Qd2 Qxd4 43. Qxd4 Rxd4 44. Kh2 Rf4 45. Kg3 Raa4 46. Rxa3 Rxg4+ 47. fxg4 Rxa3+ 48. Kh4 1-0


[Site "https://www.chess.com"]

[Event "Titled Tuesday Blitz June 8 2021"]
[White "Quparadze, Giga"]
[Black "Vlassov, Nikolai"]
[WhiteFideId "13602250"]
[BlackFideId "4103360"]
[WhiteElo "2658"]
[BlackElo "2407"]
[Result "1-0"]
[Round "02"]
[TimeControl "180+1"]
[Date "2021.06.08"]
[WhiteClock "0:00:58"]
[BlackClock "0:00:05"]

1. e4 c5 2. Ne2 Nf6 3. Nbc3 d6 4. g3 g6 5. Bg2 Bg7 6. d4 cxd4 7. Nxd4 O-O 8. O-O Nc6 9. Nde2 Be6 10. Nd5 Rc8 11. c3 Bxd5 12. exd5 Ne5 13. Nd4 Qa5 14. Re1 Rfe8 15. a4 Nc4 16. Nb3 Qc7 17. a5 b5 18. Nd4 a6 19. Nc6 Ne5 20. Nb4 Qb7 21. Be3 Nc4 22. Ra2 Nxe3 23. Rxe3 Nd7 24. Nc6 Ne5 25. Qe2 Nxc6 26. dxc6 Qc7 27. c4 Rb8 28. cxb5 Rxb5 29. b4 e6 30. Rc2 Reb8 31. Bf1 d5 32. Rxe6 fxe6 33. Qxe6+ Kf8 34. Bxb5 Rxb5 35. Re2 Rb8 36. Re3 Bd4 37. Rf3+ Kg7 38. Qxd5 Bf6 39. Qc4 Rb5 40. Rd3 Kh6 41. Rd7 Qc8 42. Qf4+ Bg5 43. Qf7 Qh8 44. c7 Rxb4 45. h4 Bxh4 46. Qxh7+ Qxh7 47. Rxh7+ Kxh7 48. c8=Q Be7 49. Qxa6 Ra4 50. Qb7 Kh6 51. Qxe7 Rxa5 52. Qf8+ Kh7 53. Kg2 Rf5 54. Qe7+ Kh6 55. g4 Rg5 56. Kg3 Rd5 57. Qf8+ Kg5 58. f4# 1-0


[Site "https://www.chess.com"]

[Event "Titled Tuesday Blitz June 8 2021"]
[White "Titus, Andrew"]
[Black "Svane, Rasmus"]
[WhiteFideId "2059770"]
[BlackFideId "4657101"]
[WhiteElo "2044"]
[BlackElo "2669"]
[Result "0-1"]
[Round "02"]
[TimeControl "180+1"]
[Date "2021.06.08"]
[WhiteClock "0:01:30"]
[BlackClock "0:01:36"]

1. e4 c6 2. d4 d5 3. Nd2 dxe4 4. Nxe4 Nf6 5. Nxf6+ exf6 6. c3 Bd6 7. Bd3 O-O 8. Ne2 Re8 9. Qc2 h5 10. Be3 Nd7 11. O-O-O Nf8 12. Kb1 Be6 13. c4 Rc8 14. Nc3 Bb4 15. Ne4 Be7 16. Nc5 Bxc5 17. dxc5 Qc7 18. Bf5 Qe5 19. Bxe6 Nxe6 20. Rd7 Rc7 21. Rhd1 Qxh2 22. g3 h4 23. Rxc7 Nxc7 24. Rd7 hxg3 25. Rxc7 gxf2 26. Qxf2 Qxc7 27. Bf4 Qa5 28. Qg2 Qe1+ 29. Bc1 Qe4+ 0-1


[Site "https://www.chess.com"]

[Event "Titled Tuesday Blitz June 8 2021"]
[White "Trent, Lawrence"]
[Black "Gavrilescu, David"]
[WhiteFideId "408638"]
[BlackFideId "1227190"]
[WhiteElo "2474"]
[BlackElo "2370"]
[Result "0-1"]
[Round "02"]
[TimeControl "180+1"]
[Date "2021.06.08"]
[WhiteClock "0:00:53"]
[BlackClock "0:01:35"]

1. d4 d5 2. Bg5 c5 3. Nc3 Nc6 4. Nf3 cxd4 5. Nxd4 f6 6. Bh4 e5 7. Nxc6 bxc6 8. e3 Nh6 9. Bd3 Nf5 10. Bg3 h5 11. Qf3 g6 12. h3 e4 13. Nxe4 dxe4 14. Qxe4+ Kf7 15. O-O-O Qe8 16. Bc4+ Be6 17. Bf4 Bxc4 18. Qxc4+ Qe6 19. Qa6 Be7 20. g4 hxg4 21. hxg4 Rxh1 22. Rxh1 Ng7 23. f3 g5 24. Bg3 Qxe3+ 25. Kb1 Qxf3 26. Rg1 Rd8 27. b3 Rd1+ 28. Rxd1 Qxd1+ 29. Kb2 Qd4+ 30. Kb1 Qxg4 31. Bb8 Qd1+ 32. Kb2 Qd4+ 33. Kb1 Qb6 34. Qc4+ Ne6 35. Bg3 Qg1+ 0-1


[Site "https://www.chess.com"]

[Event "Titled Tuesday Blitz June 8 2021"]
[White "Vidit, Santosh Gujrathi"]
[Black "Matinian, Nikita"]
[WhiteFideId "5029465"]
[BlackFideId "24129100"]
[WhiteElo "2735"]
[BlackElo "2410"]
[Result "1-0"]
[Round "02"]
[TimeControl "180+1"]
[Date "2021.06.08"]
[WhiteClock "0:01:04"]
[BlackClock "0:01:22"]

1. e4 d6 2. d4 g6 3. Nc3 a6 4. Be3 Bg7 5. Qd2 b5 6. f3 Nd7 7. h4 h5 8. Nh3 Bb7 9. Ng5 e6 10. O-O-O Ne7 11. Kb1 c6 12. Ne2 Nb6 13. Nf4 Qd7 14. d5 Na4 15. dxe6 fxe6 16. c3 Bf6 17. Qxd6 Qxd6 18. Rxd6 O-O 19. Nfxe6 Rfc8 20. Nf4 Bxg5 21. hxg5 Kf7 22. Rf6+ Kg7 23. Bd4 c5 24. Rxg6+ Kf7 25. Rg7+ Ke8 26. Bf6 1-0


[Site "https://www.chess.com"]

[Event "Titled Tuesday Blitz June 8 2021"]
[White "Xiong, Jeffery"]
[Black "Rostovtsev, Dmitry"]
[WhiteFideId "2047640"]
[BlackFideId "34278320"]
[WhiteElo "2724"]
[BlackElo "2143"]
[Result "1-0"]
[Round "02"]
[TimeControl "180+1"]
[Date "2021.06.08"]
[WhiteClock "0:00:24"]
[BlackClock "0:00:01"]

1. d4 Nf6 2. Nf3 g6 3. Nbd2 d5 4. b4 Bg7 5. e3 O-O 6. Be2 Bf5 7. O-O a5 8. b5 Ne4 9. Bb2 Nd7 10. c4 dxc4 11. Nxc4 Ndf6 12. a4 Nd5 13. Qb3 Be6 14. Bd3 Nd6 15. Ng5 Bc8 16. Nxd6 Qxd6 17. Bc4 e6 18. Ba3 Nb4 19. Ne4 Qe7 20. Rfd1 Rd8 21. Rac1 b6 22. Be2 Bb7 23. Bf3 Kh8 24. Ng5 Bd5 25. Bxd5 Rxd5 26. Nf3 Rad8 27. Rc4 e5 28. e4 R5d7 29. d5 f5 30. h4 h6 31. Qb1 Qf7 32. Bxb4 axb4 33. Qxb4 fxe4 34. Rxe4 Rxd5 35. Rde1 Qf5 36. Qc3 Rd1 37. Kh2 Rxe1 38. Qxe1 Rd1 39. Qe2 Rd5 40. Qc4 Rc5 41. Qd3 Kh7 42. g4 Qf7 43. h5 Kg8 44. hxg6 Qxg6 45. Nh4 Qf7 46. Nf5 Qf6 47. Qd7 Rc2 48. Kg2 Qg5 49. Qe6+ Kh7 50. Nxg7 Qxg7 51. Rxe5 Rc3 52. Qf5+ Qg6 53. Re7+ 1-0


[Site "https://www.chess.com"]

[Event "Titled Tuesday Blitz June 8 2021"]
[White "Yilmaz, Mustafa"]
[Black "Garcia Ramos, Daniel"]
[WhiteFideId "6302718"]
[BlackFideId "32010311"]
[WhiteElo "2518"]
[BlackElo "2321"]
[Result "1-0"]
[Round "02"]
[TimeControl "180+1"]
[Date "2021.06.08"]
[WhiteClock "0:00:24"]
[BlackClock "0:00:02"]

1. d4 d5 2. c4 c6 3. Nc3 Nf6 4. e3 e6 5. Nf3 Bd6 6. Qc2 O-O 7. Bd3 dxc4 8. Bxc4 b5 9. Be2 Bb7 10. e4 b4 11. Na4 Qa5 12. O-O Be7 13. Bg5 h6 14. Bxf6 Bxf6 15. Nc5 Qb6 16. e5 Be7 17. Rac1 a5 18. Qe4 Bxc5 19. dxc5 Qc7 20. Rfd1 Ba6 21. Bxa6 Nxa6 22. Rd6 Rac8 23. Nd4 Nb8 24. h4 Rfd8 25. h5 Rxd6 26. cxd6 Qd7 27. Rc5 f5 28. Qc2 Qe8 29. Rxa5 Qxh5 30. Nxe6 Nd7 31. Ra7 Qe8 32. Qb3 Kh8 33. f4 c5 34. Rc7 c4 35. Qxc4 Ra8 36. Nd4 Nb6 37. Qf7 Qa4 38. Qxg7# 1-0


[Site "https://www.chess.com"]

[Event "Titled Tuesday Blitz June 8 2021"]
[White "Abdusattorov, Nodirbek"]
[Black "Derakhshani, Borna"]
[WhiteFideId "14204118"]
[BlackFideId "12518450"]
[WhiteElo "2662"]
[BlackElo "2035"]
[Result "1-0"]
[Round "03"]
[TimeControl "180+1"]
[Date "2021.06.08"]
[WhiteClock "0:02:04"]
[BlackClock "0:00:50"]

1. e4 c6 2. d4 d5 3. exd5 cxd5 4. c4 Nf6 5. Nc3 Nc6 6. Bg5 e6 7. c5 Be7 8. Bb5 Bd7 9. Nf3 O-O 10. O-O Rc8 11. a3 b6 12. b4 bxc5 13. dxc5 a5 14. Bxc6 Bxc6 15. b5 Ba8 16. c6 h6 17. Bh4 Bxc6 18. bxc6 Rxc6 19. Nb5 Rc4 20. a4 Ne4 21. Bxe7 Qxe7 22. Nd2 Nc3 23. Qf3 Nxb5 24. Nxc4 dxc4 25. axb5 1-0


[Site "https://www.chess.com"]

[Event "Titled Tuesday Blitz June 8 2021"]
[White "Andreikin, Dmitry"]
[Black "Shahade, Gregory"]
[WhiteFideId "4158814"]
[BlackFideId "2009064"]
[WhiteElo "2782"]
[BlackElo "2701"]
[Result "1/2-1/2"]
[Round "03"]
[TimeControl "180+1"]
[Date "2021.06.08"]
[WhiteClock "0:00:04"]
[BlackClock "0:00:07"]

1. e4 e5 2. Nf3 Nc6 3. Bb5 a6 4. Ba4 Nf6 5. O-O Be7 6. Bxc6 dxc6 7. d3 Bd6 8. Nbd2 Be6 9. b3 Nd7 10. Nc4 Bxc4 11. bxc4 f6 12. Rb1 b6 13. d4 O-O 14. c3 Qe7 15. Re1 Rfe8 16. h3 Nf8 17. Qa4 c5 18. Be3 Ne6 19. d5 Nf4 20. Bxf4 exf4 21. Re2 a5 22. Rbe1 Be5 23. Rc2 Rad8 24. Kf1 g5 25. Ke2 f5 26. Kf1 g4 27. Ng1 f3 28. gxf3 gxh3 29. Nxh3 Qh4 30. Ng1 Bh2 31. Qc6 Re7 32. Ke2 fxe4 33. Kd1 exf3 34. Nxf3 Rxe1+ 35. Nxe1 Qe4 36. Qb5 Re8 37. Ng2 Qe7 38. Ne3 Rf8 39. Kc1 Bf4 40. Kb2 Bh6 41. Qc6 Bg7 42. d6 cxd6 43. Qd5+ Kh8 44. Qd3 Qf6 45. Nd5 Qe5 46. Kb3 Re8 47. Rb2 b5 48. cxb5 a4+ 49. Kxa4 c4 50. Qxc4 Ra8+ 51. Kb3 Qe1 52. a4 Qd1+ 53. Ka3 Qa1+ 54. Ra2 Qc1+ 55. Kb3 Qb1+ 56. Rb2 Qd1+ 57. Rc2 Qb1+ 58. Rb2 Qd1+ 1/2-1/2


[Site "https://www.chess.com"]

[Event "Titled Tuesday Blitz June 8 2021"]
[White "Avila Pavas, Santiago"]
[Black "Demchenko, Anton"]
[WhiteFideId "4437128"]
[BlackFideId "4160258"]
[WhiteElo "2244"]
[BlackElo "2593"]
[Result "0-1"]
[Round "03"]
[TimeControl "180+1"]
[Date "2021.06.08"]
[WhiteClock "0:00:30"]
[BlackClock "0:00:53"]

1. d4 Nf6 2. Nf3 g6 3. Bg5 Bg7 4. Nbd2 O-O 5. e4 d6 6. c3 c5 7. dxc5 dxc5 8. Bc4 Nc6 9. Qe2 h6 10. Bh4 Nh5 11. Qe3 Qc7 12. Qxc5 Nf4 13. O-O g5 14. Bg3 Bg4 15. Nxg5 b6 16. Bxf4 Qxf4 17. Qxc6 hxg5 18. Nb3 Rac8 19. Qb5 Rfd8 20. f3 Bd7 21. Qb4 Be5 22. g3 Qe3+ 23. Kg2 Bd6 24. Bxf7+ Kxf7 25. Qd4 Qxd4 26. Nxd4 Rh8 27. Rad1 Bh3+ 28. Kg1 Bxf1 29. Rxf1 Bc5 30. Kg2 Bxd4 31. cxd4 Rc2+ 0-1


[Site "https://www.chess.com"]

[Event "Titled Tuesday Blitz June 8 2021"]
[White "Bellahcene, Bilel"]
[Black "Narayanan.S.L"]
[WhiteFideId "696358"]
[BlackFideId "5058422"]
[WhiteElo "2493"]
[BlackElo "2617"]
[Result "1/2-1/2"]
[Round "03"]
[TimeControl "180+1"]
[Date "2021.06.08"]
[WhiteClock "0:00:10"]
[BlackClock "0:00:14"]

1. e4 c6 2. d4 d5 3. e5 Bf5 4. h4 h5 5. Bd3 Bxd3 6. Qxd3 e6 7. Bg5 Qa5+ 8. Nd2 Qa6 9. c4 Bb4 10. b3 Ne7 11. Ne2 Nf5 12. O-O Bxd2 13. Qxd2 dxc4 14. Ng3 Nd7 15. Nxf5 exf5 16. Qf4 cxb3 17. Qxf5 Nf8 18. axb3 Qb6 19. Be3 Qd8 20. Rfd1 Ne6 21. d5 cxd5 22. Bg5 Qd7 23. Qf3 d4 24. Rd2 a6 25. Rad1 Rc8 26. Qg3 O-O 27. Bf6 g6 28. Rd3 Kh7 29. f4 Ng7 30. Rxd4 Qf5 31. Bxg7 Kxg7 32. Rd7 b5 33. Qg5 Rc3 34. Qxf5 gxf5 35. R1d6 a5 36. Ra6 Rxb3 37. Rxa5 Rb4 38. e6 Rxf4 39. Rxb5 Kf6 40. g3 Rg4 41. exf7 Rxg3+ 42. Kh2 Rg4 43. Rb6+ Kg7 44. Kh3 f4 45. Rb5 Rg3+ 46. Kh2 Rg6 47. Rf5 Rf6 48. Rxf6 Kxf6 49. Rd5 Rxf7 50. Rxh5 f3 51. Kg1 f2+ 52. Kf1 Kg6 53. Rg5+ Kh6 54. Rg2 Rf4 55. Rxf2 Rxf2+ 56. Kxf2 Kh5 57. Kf3 Kh6 58. Kf2 Kh7 59. h5 Kh8 60. h6 Kh7 61. Kf1 Kh8 62. Kf2 Kh7 63. Kf1 Kh8 64. Kf2 1/2-1/2


[Site "https://www.chess.com"]